 Dungeon Crawl Stone Soup version 0.18.1-50-g88ac8fd (webtiles) character file.

69 grisgris the Caller (level 4, -2/24 HPs)
             Began as a Deep Elf Summoner on Nov 11, 2016.
             Killed by divine providence
             ... invoked by an orc priest
              (15 damage)
             ... on level 2 of the Dungeon.
             The game lasted 00:07:51 (1564 turns).

grisgris the Caller (Deep Elf Summoner)             Turns: 1564, Time: 00:07:51

Health: -2/24      AC:  2    Str:  5    XL:     4   Next: 2%
Magic:  18/20      EV: 13    Int: 21    God:
Gold:   103        SH:  0    Dex: 15    Spells: 4 memorised, 1 level left

rFire  . . .     SeeInvis .     f - +0 short sword
rCold  . . .     Gourm    .     a - +0 robe
rNeg   . . .     Faith    .     (no shield)
rPois  .         Spirit   .     (no helmet)
rElec  .         Dismiss  .     (no cloak)
rCorr  .         Reflect  .     (no gloves)
SustAt .         Harm     .     (no boots)
MR     .....                    (no amulet)
Stlth  ++........               n - ring of wizardry
                                h - ring of magical power

@: not resistant to hostile enchantments, unstealthy
A: no striking features
a: no special abilities


You were on level 2 of the Dungeon.
You were hungry.

You visited 1 branch of the dungeon, and saw 3 of its levels.

You collected 103 gold pieces.

Inventory:

Hand Weapons
 f - a +0 short sword (weapon)
Armour
 a - a +0 robe (worn)
Jewellery
 h - a ring of magical power (left hand)
 n - a ring of wizardry (right hand)
Wands
 j - a wand of confusion (27/48)
Scrolls
 l - 3 scrolls of remove curse
Potions
 e - a potion of agility {unknown}
 g - a potion of curing {unknown}
 i - a potion of degeneration {unknown}
 k - a potion of berserk rage {unknown}
 m - a potion of haste {unknown}
Books
 b - a book of Callings

   Spells                             Type                      Level
   a - Summon Small Mammal            Summoning                    1
   b - Call Imp                       Summoning                    2
   c - Call Canine Familiar           Summoning                    3
   d - Summon Guardian Golem          Hexes/Summoning              3
   e - Summon Lightning Spire         Summoning/Air                4
   f - Summon Ice Beast               Ice/Summoning                4
Comestibles
 c - 2 bread rations


   Skills:
 - Level 3.2 Dodging
 - Level 2.4 Stealth
 * Level 3.9 Spellcasting
 + Level 0.0 Hexes
 * Level 5.4 Summonings


You had one spell level left.
You knew the following spells:

 Your Spells              Type           Power        Failure   Level  Hunger
a - Summon Small Mammal   Summ           ####         1%          1    None
b - Call Imp              Summ           ####....     1%          2    #......
c - Call Canine Familiar  Summ           ####....     1%          3    ###....
d - Summon Guardian Gole  Hex/Summ       ###.....     6%          3    ###....


Dungeon Overview and Level Annotations

Branches:
Dungeon (3/15)

Altars:
Fedhas


Message History

You climb upwards.
There is a stone staircase leading down here.
Casting: Call Imp
Confirm with . or Enter, or press ? or * to list all spells.
A beastly little devil appears in a puff of frigid air.
The orc priest hits you with a dagger. The orc barely misses you.
You open the door. The orc priest hits you with a dagger.
The orc hits you with a club.
Your white imp gestures at the orc.
The puff of frost hits the orc.
The orc dies!
Your white imp gestures at the orc priest.
The puff of frost hits the orc priest.
There is an open door here.
You hit the orc priest.
The orc priest is severely wounded.
The orc priest mumbles some strange prayers to Beogh against you.
Beogh smites you!
Ouch! That really hurt!
You die...

#.# #.##..######.## #.
#.###.##..# #.# #. #.........#
#.# #. #.#.####.## ##+## #. ###
#.#.# #.# ##...## #. ..#
#.#.####.# ##.....## ##. #.#
#........# ##.......## ##.#
#.######.#...####).5.....(####...
...<............@o........+......
#.######.#...####.[.......####...
#.# #.......# ##.......## #.).
#.# #.#.###.# ##.....## #.## #.#
#5#.###5## ##...## #.#. #.#
#5#......# ##'## #.#. 5.#
#.#####..# #.# #.#. #.#
#...5....# #.# #... .##
########.# ##5## ###.


You could see an orc priest and a friendly white imp.

Vanquished Creatures
  A bat (D:2)
  2 giant cockroaches (D:2)
  A giant newt (D:2)
  A rat (D:2)
5 creatures vanquished.

Vanquished Creatures (collateral kills)
  An orc priest (D:2)
  2 adders (D:2)
  3 worms (D:2)
  A giant gecko (D:1)
  2 orcs (D:2)
  3 giant cockroaches
  5 goblins
  7 hobgoblins
  A jackal (D:1)
  9 kobolds
  A quokka (D:2)
  4 bats
  3 giant newts
  3 rats
45 creatures vanquished.

Grand Total: 50 creatures vanquished

Notes
Turn   | Place    | Note
--------------------------------------------------------------
     0 | D:1      | grisgris the Deep Elf Summoner began the quest for the Orb.
     0 | D:1      | Reached XP level 1. HP: 10/10 MP: 6/6
   137 | D:1      | Reached XP level 2. HP: 15/15 MP: 4/8
   141 | D:1      | Learned a level 2 spell: Call Imp
   349 | D:1      | Reached skill level 5 in Summonings
   493 | D:2      | Found a faded altar to an unknown god.
   524 | D:2      | Reached XP level 3. HP: 19/19 MP: 3/9
   529 | D:2      | Learned a level 3 spell: Call Canine Familiar
  1131 | D:2      | Found a blossoming altar of Fedhas.
  1459 | D:2      | Reached XP level 4. HP: 16/24 MP: 11/11
  1464 | D:2      | Learned a level 3 spell: Summon Guardian Golem
  1564 | D:2      | Killed from afar by an orc priest

Skill      XL: |  1  2  3 |
---------------+----------+-----
Summonings     | 5 |  5.4
Dodging        | 3 |  3.2
Stealth        | |  2.4
Spellcasting   | |  3.9

Action                   |  1- 3 |  4- 6 || total
-------------------------+-------+-------++-------
Melee: Short sword       |    28 |     1 ||    29
 Cast: Summon Small Mamm |    23 |       ||    23
       Call Imp          |    19 |     1 ||    20
  Use: Scroll            |     5 |       ||     5
 Stab: Sleeping          |     2 |       ||     2
  Eat: Royal jelly       |     1 |       ||     1
Armor: Robe              |     9 |       ||     9
Dodge: Dodged            |    39 |     2 ||    41
